IL
CHARLOTTE KNIGHTS @ ROUND ROCK EXPRESS
08/07/2044
 
TOP OF THE 1ST
Charlotte Knights batting - Pitching for Round Rock Express : RHP Hector Aguado
Pitching: RHP Hector Aguado
Batting: RHB Jake Savell 0-0: DOUBLE (Line Drive, 89D, EV 108.8 MPH)
Batting: RHB Jeff Brower 0-0: DOUBLE (Groundball, 5L, EV 104.4 MPH)
Jake Savell scores
Batting: LHB Hirakito Herring 0-0: Ball
1-0: Foul Ball, location: 2F
1-1: Foul Ball, location: 2F
1-2: SINGLE (Groundball, 6D, EV 98.1 MPH)
Jeff Brower to third
Runner from 3rd tries for Home, throw by CF and OUT! 8-2
Batting: LHB Jorge Rosales 0-0: Called Strike
0-1: Swinging Strike
0-2: Ball
1-2: Foul Ball, location: 2F
1-2: Strikes out swinging
Batting: LHB Brian Dickeson 0-0: Called Strike
0-1: Ball
1-1: Ball
2-1: Foul Ball, location: 2F
Pickoff Throw to First - Out! 1-3
Top of the 1st over - 1 run, 3 hits, 0 errors, 0 left on base; Charlotte 1 - Round Rock 0
BOTTOM OF THE 1ST
Round Rock Express batting - Pitching for Charlotte Knights : RHP David Avelar
Pitching: RHP David Avelar
Batting: RHB Cody Flowers 0-0: Foul Ball, location: 2F
0-1: Ball
1-1: Foul Ball, location: 2F
1-2: Ball
2-2: Ball
3-2: Base on Balls
Batting: SHB David Simpson 0-0: Ball
1-0: Called Strike
1-1: Swinging Strike
1-2: Strikes out looking
Batting: RHB Alan Oxenrider 0-0: Called Strike
0-1: Ball
1-1: Ground out 6-3 (Groundball, 6M, EV 98.1 MPH)
Cody Flowers to second
Batting: RHB Orlando Suarez 0-0: Fly out, F8 (Flyball, 89S, EV 73.8 MPH)
Bottom of the 1st over - 0 runs, 0 hits, 0 errors, 1 left on base; Charlotte 1 - Round Rock 0
TOP OF THE 2ND
Charlotte Knights batting - Pitching for Round Rock Express : RHP Hector Aguado
Batting: LHB Brian Dickeson 0-0: Called Strike
0-1: Foul Ball, location: 2F
0-2: Strikes out swinging
Batting: LHB Jake Goddard 0-0: Ball
1-0: Called Strike
1-1: Swinging Strike
1-2: Foul Ball, location: 2F
1-2: Ball
2-2: SINGLE (Groundball, 5S, EV 68.1 MPH) (infield hit)
Batting: RHB Erik Christensen 0-0: Grounds into double play, 3-6-3 (Groundball, 34, EV 106.9 MPH)
Top of the 2nd over - 0 runs, 1 hit, 0 errors, 0 left on base; Charlotte 1 - Round Rock 0
BOTTOM OF THE 2ND
Round Rock Express batting - Pitching for Charlotte Knights : RHP David Avelar
Batting: RHB Ernie Weathersbee 0-0: Ground out 5-3 (Groundball, 56D, EV 86.9 MPH)
Batting: RHB Jimmy Hammertime 0-0: Ball
1-0: Swinging Strike
1-1: Ball
2-1: DOUBLE (Flyball, 8RXD, EV 97.5 MPH)
Batting: RHB Zhi-bin Ou-yang 0-0: Ball
1-0: Called Strike
1-1: Reached on error, E1 (Groundball, 25, EV 66.2 MPH)
Jimmy Hammertime to third
Batting: RHB Gavin Fimple 0-0: Called Strike
0-1: Ball
1-1: Ball
2-1: Foul Ball, location: 2F
2-2: SINGLE (Flyball, 89S, EV 88.1 MPH)
Jimmy Hammertime scores
Zhi-bin Ou-yang to second
Batting: RHB Rick Concha 0-0: Called Strike
0-1: Called Strike
0-2: Strikes out swinging
Batting: RHB Cody Flowers 0-0: Ball
1-0: Ball
2-0: Ball
3-0: Called Strike
3-1: Ground out U3 (Groundball, 34, EV 105.6 MPH)
Bottom of the 2nd over - 1 run, 2 hits, 1 error, 2 left on base; Charlotte 1 - Round Rock 1
TOP OF THE 3RD
Charlotte Knights batting - Pitching for Round Rock Express : RHP Hector Aguado
Batting: RHB Justin Harris 0-0: Foul Ball, location: 2F
0-1: Called Strike
0-2: Strikes out swinging, 2-3 out at first.
Batting: RHB Harvey Harvey 0-0: Ball
1-0: Swinging Strike
1-1: Called Strike
1-2: Foul Ball, location: 2F
1-2: Strikes out swinging
Batting: RHB Jake Savell 0-0: Called Strike
0-1: Foul Ball, location: 2F
0-2: Foul Ball, location: 2F
0-2: Fly out, F9 (Line Drive, 9, EV 88.1 MPH)
Top of the 3rd over - 0 runs, 0 hits, 0 errors, 0 left on base; Charlotte 1 - Round Rock 1
BOTTOM OF THE 3RD
Round Rock Express batting - Pitching for Charlotte Knights : RHP David Avelar
Batting: SHB David Simpson 0-0: Foul Ball, location: 2F
0-1: Ball
1-1: SINGLE (Groundball, 5L, EV 101.2 MPH) (infield hit)
Batting: RHB Alan Oxenrider 0-0: Ball
1-0: Called Strike
1-1: Foul Ball, location: 2F
1-2: Foul Ball, location: 2F
1-2: Fly out, F3 (Popup, 3SF, EV 71.2 MPH)
Batting: RHB Orlando Suarez 0-0: Called Strike
0-1: Ball
1-1: Ball
2-1: Foul Ball, location: 2F
2-2: Strikes out swinging
Batting: RHB Ernie Weathersbee 0-0: Ball
1-0: SINGLE (Groundball, 34D, EV 103.8 MPH)
David Simpson to second
Runner from 2nd tries for 3rd, SAFE, throw by RF made to third
Ernie Weathersbee to second
Batting: RHB Jimmy Hammertime 0-0: SINGLE (Groundball, 34D, EV 108.8 MPH)
David Simpson scores
Ernie Weathersbee to third
Throwing error, E9
Ernie Weathersbee scores
Jimmy Hammertime to second
Batting: RHB Zhi-bin Ou-yang 0-0: Ball
1-0: Ball
2-0: Called Strike
2-1: Ball
3-1: Base on Balls
Batting: RHB Gavin Fimple 0-0: Called Strike
0-1: Ball
1-1: Called Strike
1-2: Foul Ball, location: 2F
1-2: Strikes out looking
Bottom of the 3rd over - 2 runs, 3 hits, 1 error, 2 left on base; Charlotte 1 - Round Rock 3
TOP OF THE 4TH
Charlotte Knights batting - Pitching for Round Rock Express : RHP Hector Aguado
Batting: RHB Jeff Brower 0-0: Ball
1-0: Ball
2-0: Called Strike
2-1: Ball
3-1: Base on Balls
Batting: LHB Hirakito Herring 0-0: Called Strike
0-1: Fly out, F7 (Flyball, 78M, EV 90.0 MPH)
Batting: LHB Jorge Rosales 0-0: Called Strike
0-1: Ball
1-1: SINGLE (Groundball, 56S, EV 70.0 MPH) (infield hit)
Jeff Brower to second
Batting: LHB Brian Dickeson 0-0: Foul Ball, location: 2F
0-1: Ball
1-1: Fly out, F5 (Flyball, 5D, EV 85.0 MPH)
Batting: LHB Jake Goddard 0-0: Called Strike
0-1: Ball
1-1: Hit by Pitch
Jeff Brower to third
Jorge Rosales to second
Batting: RHB Erik Christensen 0-0: Foul Ball, location: 2F
0-1: Swinging Strike
0-2: Ball
1-2: Ball
2-2: Strikes out swinging
Top of the 4th over - 0 runs, 1 hit, 0 errors, 3 left on base; Charlotte 1 - Round Rock 3
BOTTOM OF THE 4TH
Round Rock Express batting - Pitching for Charlotte Knights : RHP David Avelar
Batting: RHB Rick Concha 0-0: Called Strike
0-1: Ball
1-1: Called Strike
1-2: Strikes out swinging
Batting: RHB Cody Flowers 0-0: Called Strike
0-1: Ball
1-1: Swinging Strike
1-2: Reached on error, E2 (Groundball, 2L, EV 71.2 MPH)
Batting: SHB David Simpson 0-0: SINGLE (Flyball, 6D, EV 93.8 MPH)
Cody Flowers to third
Batting: RHB Alan Oxenrider 0-0: Ball
1-0: Ball
2-0: Called Strike
2-1: Ball
David Simpson steals 2nd base (no throw)
3-1: Ground out 4-3 (Groundball, 4, EV 109.4 MPH)
Cody Flowers scores
David Simpson to third
Batting: RHB Orlando Suarez 0-0: Ball
1-0: Ball
2-0: Ball
3-0: Called Strike
3-1: Foul Ball, location: 2F
3-2: Base on Balls
Batting: RHB Ernie Weathersbee 0-0: Ball
1-0: Ball
2-0: Ball
3-0: Called Strike
3-1: Fly out, F9 (Flyball, 89S, EV 93.1 MPH)
Bottom of the 4th over - 1 run, 1 hit, 1 error, 2 left on base; Charlotte 1 - Round Rock 4
TOP OF THE 5TH
Charlotte Knights batting - Pitching for Round Rock Express : RHP Hector Aguado
Batting: RHB Justin Harris 0-0: Ball
1-0: Called Strike
1-1: Foul Ball, location: 2F
1-2: Ball
2-2: Strikes out swinging
Batting: RHB Harvey Harvey 0-0: Hit by Pitch
Batting: RHB Jake Savell 0-0: Fly out, F9 (Flyball, 89XD, EV 93.1 MPH)
Runner from 1st tags up, OUT at 2nd! 9-6
Top of the 5th over - 0 runs, 0 hits, 0 errors, 0 left on base; Charlotte 1 - Round Rock 4
BOTTOM OF THE 5TH
Round Rock Express batting - Pitching for Charlotte Knights : RHP David Avelar
Batting: RHB Jimmy Hammertime 0-0: SOLO HOME RUN (Flyball, 7LD, EV 93.8 MPH), Distance : 356 ft
Pitching: RHP Carlos Gomez
Batting: RHB Zhi-bin Ou-yang 0-0: Called Strike
0-1: Swinging Strike
0-2: Strikes out looking
Batting: RHB Gavin Fimple 0-0: Ball
1-0: Called Strike
1-1: Ground out 4-3 (Groundball, 4, EV 85.0 MPH)
Batting: RHB Rick Concha 0-0: Ball
1-0: Foul Ball, location: 2F
1-1: Ground out U3 (Groundball, 3, EV 100.6 MPH)
Bottom of the 5th over - 1 run, 1 hit, 0 errors, 0 left on base; Charlotte 1 - Round Rock 5
TOP OF THE 6TH
Charlotte Knights batting - Pitching for Round Rock Express : RHP Hector Aguado
Batting: RHB Jeff Brower 0-0: Ball
1-0: Ball
2-0: Foul Ball, location: 2F
2-1: Ball
3-1: Base on Balls
Batting: LHB Hirakito Herring 0-0: Foul Ball, location: 2F
0-1: Swinging Strike
0-2: Strikes out swinging
Batting: LHB Jorge Rosales 0-0: SINGLE (Groundball, 6S, EV 73.8 MPH) (infield hit)
Jeff Brower to second
Batting: LHB Brian Dickeson 0-0: SINGLE (Groundball, 56D, EV 103.8 MPH)
Jeff Brower to third
Jorge Rosales to second
Batting: LHB Jake Goddard 0-0: Ball
1-0: DOUBLE (Groundball, 5L, EV 100.6 MPH)
Jeff Brower scores
Jorge Rosales scores
Brian Dickeson to third
Batting: RHB Erik Christensen 0-0: Ball
Wild Pitch!
Brian Dickeson scores
Jake Goddard to third
1-0: Ball
2-0: Called Strike
2-1: Fly out, F7 (Flyball, 7LS, EV 94.4 MPH)
Runner from 3rd tags up, SCORES, throw by LF
Batting: RHB Justin Harris 0-0: Ground out U3 (Groundball, 34, EV 107.5 MPH)
Top of the 6th over - 4 runs, 3 hits, 0 errors, 0 left on base; Charlotte 5 - Round Rock 5
BOTTOM OF THE 6TH
Round Rock Express batting - Pitching for Charlotte Knights : RHP Carlos Gomez
Batting: RHB Cody Flowers 0-0: Foul Ball, location: 2F
0-1: Ball
1-1: Foul Ball, location: 2F
1-2: Foul Ball, location: 2F
1-2: SINGLE (Groundball, 56S, EV 95.6 MPH)
Batting: SHB David Simpson 0-0: Called Strike
Cody Flowers steals 2nd base
0-1: Called Strike
0-2: Foul Ball, location: 2F
0-2: SINGLE (Groundball, 56S, EV 71.2 MPH) (infield hit)
Cody Flowers to third
Batting: RHB Alan Oxenrider 0-0: Ball
David Simpson is caught stealing 2nd base 2-4
1-0: SINGLE (Line Drive, 9S, EV 88.8 MPH)
Cody Flowers scores
Batting: RHB Orlando Suarez 0-0: Ball
1-0: Ball
2-0: Ball
3-0: Called Strike
3-1: Base on Balls
Alan Oxenrider to second
Batting: RHB Ernie Weathersbee 0-0: Ball
1-0: Foul Ball, location: 2F
1-1: Ball
2-1: Fly out, F8 (Flyball, 8LM, EV 82.5 MPH)
Pitching: RHP Stanislav Mamatsev
Batting: RHB Jimmy Hammertime 0-0: Called Strike
0-1: DOUBLE (Line Drive, 78XD, EV 110.6 MPH)
Alan Oxenrider scores
Orlando Suarez to third
Batting: RHB Zhi-bin Ou-yang 0-0: Called Strike
0-1: Foul Ball, location: 2F
0-2: SINGLE (Groundball, 4MS, EV 71.2 MPH) (infield hit)
Orlando Suarez scores
Jimmy Hammertime to third
Batting: RHB Gavin Fimple 0-0: Ball
1-0: Swinging Strike
1-1: Swinging Strike
1-2: Ball
2-2: Ground out 3-1 (Groundball, 34S, EV 83.8 MPH)
Bottom of the 6th over - 3 runs, 5 hits, 0 errors, 2 left on base; Charlotte 5 - Round Rock 8
TOP OF THE 7TH
Charlotte Knights batting - Pitching for Round Rock Express : RHP Hector Aguado
Batting: RHB Harvey Harvey 0-0: Foul Ball, location: 2F
0-1: Ground out 6-3 (Groundball, 6M, EV 80.0 MPH)
Batting: RHB Jake Savell 0-0: Ball
1-0: Foul Ball, location: 2F
1-1: Ball
2-1: Foul Ball, location: 2F
2-2: Ball
3-2: Strikes out swinging
Batting: RHB Jeff Brower 0-0: Ball
1-0: Called Strike
1-1: Foul Ball, location: 2F
1-2: Ground out 6-3 (Groundball, 6S, EV 70.0 MPH)
Top of the 7th over - 0 runs, 0 hits, 0 errors, 0 left on base; Charlotte 5 - Round Rock 8
BOTTOM OF THE 7TH
Round Rock Express batting - Pitching for Charlotte Knights : RHP Stanislav Mamatsev
Batting: RHB Rick Concha 0-0: Ball
1-0: Ball
2-0: Ball
3-0: Called Strike
3-1: Ground out 6-3 (Groundball, 6S, EV 75.6 MPH)
Batting: RHB Cody Flowers 0-0: SINGLE (Groundball, 4S, EV 95.6 MPH)
Batting: SHB David Simpson 0-0: Ball
Cody Flowers steals 2nd base
1-0: Ground out 3-1 (Groundball, 34S, EV 83.1 MPH)
Cody Flowers to third
Batting: RHB Alan Oxenrider 0-0: Ball
1-0: Called Strike
1-1: Fly out, F6 (Line Drive, 6, EV 62.5 MPH)
Bottom of the 7th over - 0 runs, 1 hit, 0 errors, 1 left on base; Charlotte 5 - Round Rock 8
TOP OF THE 8TH
Charlotte Knights batting - Pitching for Round Rock Express : RHP Hector Aguado
Pitching: LHP Corbett Sweet
Batting: LHB Hirakito Herring 0-0: Ball
1-0: Foul Ball, location: 2F
1-1: Ball
2-1: Fly out, F8 (Flyball, 8LM, EV 85.6 MPH)
Batting: RHB Nick Richardson 0-0: Swinging Strike
0-1: Foul Ball, location: 2F
0-2: Foul Ball, location: 2F
0-2: SINGLE (Flyball, 34D, EV 84.4 MPH) - OUT at second base trying to stretch hit.
Batting: LHB Brian Dickeson 0-0: Called Strike
0-1: Ground out 4-3 (Groundball, 4, EV 91.9 MPH)
Top of the 8th over - 0 runs, 1 hit, 0 errors, 0 left on base; Charlotte 5 - Round Rock 8
BOTTOM OF THE 8TH
Round Rock Express batting - Pitching for Charlotte Knights : RHP Stanislav Mamatsev
Pitching: RHP Chris Rodgers
Batting: RHB Orlando Suarez 0-0: Called Strike
0-1: Foul Ball, location: 2F
0-2: Ball
1-2: Ball
2-2: Ball
3-2: Foul Ball, location: 2F
3-2: SINGLE (Groundball, 56D, EV 96.9 MPH)
Batting: RHB Ernie Weathersbee 0-0: SINGLE (Flyball, 6D, EV 82.5 MPH)
Orlando Suarez to second
Batting: RHB Jimmy Hammertime 0-0: Fly out, F4 (Popup, 13, EV 79.4 MPH)
Batting: RHB Zhi-bin Ou-yang 0-0: Ball
1-0: Ball
2-0: Called Strike
2-1: Swinging Strike
2-2: Foul Ball, location: 2F
2-2: SINGLE (Groundball, 6MS, EV 69.4 MPH) (infield hit)
Orlando Suarez to third
Ernie Weathersbee to second
Batting: RHB Gavin Fimple 0-0: DOUBLE (Line Drive, 89M, EV 106.9 MPH)
Orlando Suarez scores
Ernie Weathersbee scores
Zhi-bin Ou-yang to third
Runner from 3rd tries for Home, SAFE, throw by CF to home
Pitching: RHP Jose Godreau
Batting: RHB Rick Concha 0-0: Called Strike
0-1: Ball
1-1: Ball
2-1: Foul Ball, location: 2F
2-2: 2-RUN HOME RUN (Flyball, 9D, EV 96.2 MPH), Distance : 369 ft
Pinch Hitting: RHB Dennis Daniels 0-0: Ball
1-0: Foul Ball, location: 2F
1-1: Ball
2-1: Called Strike
2-2: Ground out 6-3 (Groundball, 6, EV 80.6 MPH)
Batting: SHB David Simpson 0-0: Ball
1-0: Foul Ball, location: 2F
1-1: Ball
2-1: Ball
3-1: Base on Balls
Batting: RHB Alan Oxenrider 0-0: Called Strike
0-1: Foul Ball, location: 2F
0-2: Ground out 4-3 (Groundball, 4, EV 85.6 MPH)
Bottom of the 8th over - 5 runs, 5 hits, 0 errors, 1 left on base; Charlotte 5 - Round Rock 13
TOP OF THE 9TH
Charlotte Knights batting - Pitching for Round Rock Express : LHP Corbett Sweet
Now at 2B: Dennis Daniels
Batting: LHB Jake Goddard 0-0: Called Strike
0-1: Swinging Strike
0-2: Ball
1-2: Ball
2-2: Strikes out swinging
Pitching: RHP Adam Jackson
Batting: RHB Erik Christensen 0-0: Called Strike
0-1: DOUBLE (Line Drive, 9LM, EV 106.9 MPH)
Batting: RHB Justin Harris 0-0: Ball
1-0: Ball
2-0: Foul Ball, location: 2F
2-1: Foul Ball, location: 2F
2-2: Ball
3-2: Base on Balls
Pinch Hitting: RHB Darwin Mills 0-0: Ball
1-0: Foul Ball, location: 2F
1-1: Foul Ball, location: 2F
1-2: Ball
2-2: Ball
3-2: Foul Ball, location: 2F
3-2: Grounds into double play, 4-6-3 (Groundball, 4, EV 85.0 MPH)
Top of the 9th over - 0 runs, 1 hit, 0 errors, 1 left on base; Charlotte 5 - Round Rock 13
Thursday, March 31st , 2022 - OOTP Baseball 22.12 Build 89